 Dungeon Crawl Stone Soup version 0.32-a0-960-g3814254bd7 (webtiles) character file.

Game seed: 11340683936342507026

129 Dirtsage the Apothecary (level 4, -1/30 HPs)
             Began as a Demonspawn Alchemist on Apr 17, 2024.
             Slain by a killer bee (2 damage)
             ... on level 5 of the Dungeon.
             The game lasted 00:07:24 (2675 turns).

Dirtsage the Apothecary (Demonspawn Alchemist)      Turns: 2675, Time: 00:07:24

Health: -1/30      AC:  2    Str:  8    XL:     4   Next: 88%
Magic:  3/7        EV: 11    Int: 17    God:
Gold:   111        SH:  0    Dex: 14    Spells: 0/7 levels left

rFire   + . .        m - +2 short sword (drain)
rCold   + . .        (no shield)
rNeg    . . .        a - +0 robe
rPois   +            (no helmet)
rElec   +            (no cloak)
rCorr   +            (no gloves)
SInv    .            (no boots)
Will    .....        (no amulet)
Stlth   ++           (no ring)
HPRegen 0.25/turn    (no ring)
MPRegen 0.10/turn

%: no passive effects
@: resistant, very slightly contaminated, hasted, very quick
A: powered by pain 2
a: no special abilities


You were on level 5 of the Dungeon.
You visited 1 branch of the dungeon, and saw 5 of its levels.

You collected 111 gold pieces.

Inventory:

Hand Weapons
 m - a +2 short sword of draining (weapon)
Armour
 a - a +0 robe (worn)
 g - a +1 ring mail of cold resistance
Wands
 s - a wand of light (9)
Scrolls
 c - a scroll of enchant weapon {unknown}
 d - 2 scrolls of vulnerability {unknown}
 e - a scroll of brand weapon {unknown}
 h - 2 scrolls of teleportation {unknown}
 i - a scroll of fog {unknown}
 j - a scroll of identify {unknown}
 k - a scroll of noise {unknown}
 l - a scroll of blinking {unknown}
Potions
 b - a potion of magic
 f - a potion of ambrosia {unknown}
 r - a potion of might {unknown}


   Skills:
 - Level 1.7 Dodging
 - Level 1.7 Stealth
 - Level 2.0 Spellcasting
 + Level 1.9 Conjurations
 * Level 5.3 Alchemy


You couldn't memorise any spells.
You knew the following spells:

 Your Spells              Type           Power      Damage    Failure   Level
a - Sting                 Conj/Alch      56%        1d6       4%          1
b - Mercury Vapours       Alch/Air       20%        N/A       10%         2
c - Olgreb's Toxic Radia  Alch           20%        N/A       22%         4

Your spell library contained the following spells:

 Spells                   Type           Power      Damage    Failure   Level
 Momentum Strike          Conj/Tloc      8%         3d8       21%         2
 Mephitic Cloud           Conj/Alch/Air  9%         N/A       22%         3
 Blink                    Tloc           2%         N/A       28%         2
 Lesser Beckoning         Tloc           2%         N/A       28%         2
 Call Canine Familiar     Summ           1%         N/A       50%         3
 Sigil of Binding         Hex            1%         N/A       50%         3
 Sticky Flame             Fire/Alch      10%        2d5       54%         4
 Anguish                  Hex/Necr       0%         N/A       88%         4
 Cause Fear               Hex            0%         N/A       88%         4
 Dimensional Bullseye     Hex/Tloc       0%         N/A       88%         4
 Enfeeble                 Hex            0%         N/A       100%        7


Dungeon Overview and Level Annotations

Branches:
Dungeon (5/15)
 Temple: D:4-7

Altars:
Uskayaw
Wu Jian

Shops:
D:4 ?


Innate Abilities, Weirdness & Mutations

You sometimes gain power by taking damage.


Message History

The killer bee poisons you!
You take 11 damage, and have 3/30 hp.
MASSIVE DAMAGE!!
It was a potion of heal wounds.
You feel much better.
You feel very sick. The killer bee barely misses you.
You regained 23 hp, and now have 26/30 hp.
It was a potion of curing.
You feel better. The killer bee barely misses you. The killer bee misses you.
Health restored: 30
There are monsters nearby!
Unknown command.
There are monsters nearby!
There are monsters nearby!
There are monsters nearby!
There are monsters nearby!
You miss the killer bee.
The killer bee stings you but does no damage.
You barely miss the killer bee. The killer bee stings you.
You take 2 damage, and have 28/30 hp.
You closely miss the killer bee. The killer bee closely misses you.
The killer bee stings you.
You take 1 damage, and have 27/30 hp.
You hit the killer bee.
The killer bee is lightly wounded.
The killer bee stings you!
You take 7 damage, and have 20/30 hp.
MASSIVE DAMAGE!!
You closely miss the killer bee.
The killer bee is lightly wounded.
The killer bee stings you. x2
* * * LOW HITPOINT WARNING * * *
You take 11 damage, and have 9/30 hp.
MASSIVE DAMAGE!!
You closely miss the killer bee.
The killer bee is lightly wounded.
The killer bee stings you!
* * * LOW HITPOINT WARNING * * *
You take 8 damage, and have 1/30 hp.
MASSIVE DAMAGE!!
You hit the killer bee.
The killer bee is moderately wounded.
The killer bee stings you.
You die... ..... ... ... yyy

#y# #y# #y#
#@# #.# #.#
#.############
#............#
############.#
#.# #.#
#############
#.#


You could see 6 killer bees.

Vanquished Creatures
  A hound (D:5)
  A sleepcap (D:5)
  2 adders
  A dart slug (D:1)
  An orc (D:2)
  9 endoplasms
  4 giant cockroaches
  3 goblins
  10 hobgoblins
  6 kobolds
  2 quokkas
  2 ball pythons
  4 bats
  A frilled lizard (D:2)
  4 rats
51 creatures vanquished.

Notes
Turn   | Place    | Note
-------+----------+-------------------------------------------
     0 | D:1      | Dirtsage the Demonspawn Alchemist began the quest for the
                  | Orb.
     0 | D:1      | Reached XP level 1. HP: 13/13 MP: 3/3
   271 | D:1      | Gained mutation: You sometimes gain a little power by
                  | taking damage. [demonic ancestry]
   271 | D:1      | Reached XP level 2. HP: 12/19 MP: 1/5
   543 | D:1      | Learned a level 2 spell: Mercury Vapours
   727 | D:2      | Reached skill level 4 in Alchemy
   840 | D:2      | Found a faded altar of an unknown god.
   877 | D:2      | Gained mutation: You sometimes gain power by taking damage.
                  | [demonic ancestry]
   877 | D:2      | Reached XP level 3. HP: 24/24 MP: 4/6
  1533 | D:2      | You fall into a shaft and drop 1 floor!
  1787 | D:3      | Found a hide-covered altar of Uskayaw.
  1935 | D:3      | Found an ornate altar of the Wu Jian Council.
  1945 | D:3      | Reached XP level 4. HP: 24/30 MP: 0/7
  2165 | D:3      | Learned a level 4 spell: Olgreb's Toxic Radiance
  2350 | D:4      | Found Uwnedioplo's Magic Scroll Shop.
  2351 | D:4      | Noticed a phantom
  2373 | D:5      | Entered Level 5 of the Dungeon
  2380 | D:5      | HP: 1/30 [sleepcap (16)]
  2382 | D:5      | Reached skill level 5 in Alchemy
  2674 | D:5      | HP: 1/30 [killer bee (8)]
  2675 | D:5      | Slain by a killer bee

Illustrated notes

Levels and vault maps discovered:
D:1:      dpeg_arrival_central, layout_rooms, kennysheep_another_room
D:2:      layout_rooms, shapermc_ecumenical_altar_mp_urbaneastern,
          nrook_loot_triangle, st_stairs_6
D:3:      layout_basic, mainiacjoe_overflow_surrounded_room, lemuel_round_altar,
          zin_academy
D:4:      layout_basic, nicolae_stop_n_shop_1
D:5:      layout_basic, mainiacjoe_overflow_brackets

Skill      XL: |  1  2  3  4 |
---------------+-------------+-----
Alchemy        | 4 5 |  5.3
Dodging        | |  1.7
Stealth        | |  1.7
Spellcasting   | |  2.0
Conjurations   | |  1.9

Action                     |  1- 3 |  4- 6 || total
---------------------------+-------+-------++-------
  Melee: Short sword       |     3 |    19 ||    22
         Unarmed           |     2 |       ||     2
   Cast: Sting             |    66 |    16 ||    82
         Mercury Vapours   |     6 |       ||     6
    Use: Potion            |       |     4 ||     4
 Armour: Robe              |    20 |    25 ||    45
  Dodge: Dodged            |    29 |    15 ||    44

Table legend: (Time is in decaauts)
 A = Elapsed time spent in this place.
 B = Non-inter-level travel time spent in this place.
 C = Inter-level travel time spent in this place.
 D = Time resting spent in this place.
 E = Time spent auto-exploring this place.
 F = Levels seen in this place.
 G = Mean time per level.
                   A        B        C        D        E       F      G
               +--------+--------+--------+--------+--------+-----+--------+
         Total |   2670 |   2637 |     33 |     24 |   2180 |   5 |  534.0 |
       Dungeon |   2670 |   2637 |     33 |     24 |   2180 |   5 |  534.0 |
               +--------+--------+--------+--------+--------+-----+--------+

Top non-repeatable levels by time:
     D:3: 816 daAuts
     D:2: 815 daAuts
     D:1: 717 daAuts
     D:5: 299 daAuts
     D:4: 22 daAuts
